 Dungeon Crawl Stone Soup version 0.31-a0-174-g85c54bcb58 (webtiles) character file.

Game seed: 7232604995098169875

19 kiwi3s the Trooper (level 2, 0/40 HPs)
             Began as a Minotaur Berserker on June 15, 2023.
             Was a Follower of Trog.
             Succumbed to an adder's poison
             ... on level 2 of the Dungeon.
             The game lasted 00:00:37 (718 turns).

kiwi3s the Trooper (Minotaur Berserker)              Turns: 718, Time: 00:00:38

Health: 0/40       AC:  2    Str: 21    XL:     2   Next: 55%
Magic:  1/1        EV: 12    Int:  4    God:    Trog [*.....]
Gold:   60         SH:  0    Dex:  9    Spells: 1/1 levels left

rFire   . . .        a - +0 hand axe
rCold   . . .        (no shield)
rNeg    . . .        b - +0 animal skin
rPois   .            (helmet restricted)
rElec   .            (no cloak)
rCorr   .            (no gloves)
SInv    .            (no boots)
Will    .....        (no amulet) Stlth
                     (no ring)
HPRegen 0.26/turn    (no ring)
MPRegen 0.07/turn

%: no passive effects
@: berserking, lethally poisoned (0 -> -6), very quick
A: horns 2, retaliatory headbutt
a: Renounce Religion, Berserk


You were on level 2 of the Dungeon.
You worshipped Trog.
Trog was aware of your devotion.
You visited 1 branch of the dungeon, and saw 2 of its levels.

You collected 60 gold pieces.

Inventory:

Hand Weapons
 a - a +0 hand axe (weapon)
Armour
 b - a +0 animal skin (worn)
Jewellery
 g - a ring of poison resistance
Scrolls
 c - a scroll of enchant armour {unknown}
 d - a scroll of identify {unknown}
 e - a scroll of vulnerability {unknown}
 f - 4 scrolls of fog {unknown}
 h - a scroll of poison {unknown}
 i - a scroll of silence {unknown}
 j - a scroll of teleportation {unknown}


   Skills:
 + Level 3.9 Fighting
 + Level 3.9 Axes
 + Level 2.9 Armour
 + Level 2.5 Dodging


You had one spell level left.
You didn't know any spells.
Your spell library was empty.

Dungeon Overview and Level Annotations

Branches:
Dungeon (2/15)

Altars:


Innate Abilities, Weirdness & Mutations

You have a pair of horns on your head.
You reflexively headbutt those who attack you in melee.


Message History

The adder poisons you!
An adder is nearby!
You miss the adder.
The adder is heavily wounded.
You feel sick. The adder bites you.
An adder is nearby!
You closely miss the adder.
The adder is heavily wounded.
You feel sick. The adder bites you but does no damage. The adder bites you.
You are more poisoned.
The adder poisons you!
An adder is nearby!
You are too injured to fight recklessly!
An adder is nearby!
You are too injured to fight recklessly!
An adder is nearby!
You aren't carrying any potions.
Unknown command.
Okay, then.
You barely miss the adder. Your headbutt misses the adder.
The adder is heavily wounded.
You feel sick. The adder bites you.
* * * LOW HITPOINT WARNING * * *
You are more poisoned.
The adder poisons you!
Unknown command.
You slash the adder!
You kill the adder!
Trog accepts your kill.
* * * LOW HITPOINT WARNING * * *
You feel very sick.
Found a leather armour.
Found a stone staircase leading up.
* * * LOW HITPOINT WARNING * * *
You feel very sick.
A red film seems to cover your vision as you go berserk!
You feel yourself moving faster!
You feel mighty!
* * * LOW HITPOINT WARNING * * *
You feel sick.
You feel a strong urge to attack something.
You die...

#.# #.###.###.# ###.#
#.# #.....#
#...####.#####.#.#
#..............#.#
..<.####.#.#####.####
...## #. #....# .###
#..#.# # #.#####..# #
#..[.<.@.# ........##
#########


There were no monsters in sight!

Vanquished Creatures
  An adder (D:2)
  A bat (D:2)
  2 giant cockroaches (D:1)
  2 hobgoblins
  A ball python (D:2)
  A frilled lizard (D:2)
  A kobold (D:1)
  A rat (D:1)
10 creatures vanquished.

Notes
Turn   | Place    | Note
-------+----------+-------------------------------------------
     0 | D:1      | kiwi3s the Minotaur Berserker began the quest for the Orb.
     0 | D:1      | Reached XP level 1. HP: 19/19 MP: 0/0
     0 | D:1      | Noticed an ogre
     1 | D:1      | Noticed an elf
     2 | D:1      | Noticed a human
     4 | D:1      | Noticed a demigod
     4 | D:1      | Noticed a ghoul
     6 | D:1      | Noticed a dwarf
     7 | D:1      | Noticed a minotaur
     9 | D:1      | Noticed an octopode
    11 | D:1      | Noticed a felid
    11 | D:1      | Noticed a demonspawn
    15 | D:1      | Noticed a ghoul
    15 | D:1      | Noticed a demonspawn
    17 | D:1      | Noticed a spriggan
    17 | D:1      | Noticed an elf
    17 | D:1      | Noticed a demonspawn
    19 | D:1      | Noticed a dwarf
    21 | D:1      | Noticed a formicid
   670 | D:2      | Reached XP level 2. HP: 27/27 MP: 1/1
   691 | D:2      | Identified the +3 short sword of Irrepressible Laughter
                  | {flame, rC+++ rN+++ Int-2 SInv}
   717 | D:2      | HP: 1/40 [poisoned by an adder]
   718 | D:2      | Succumbed to an adder's poison

Illustrated notes

Levels and vault maps discovered:
D:1:      shiori_arrival_whats_in_store_for_you, layout_basic
D:2:      layout_loops_ring, serial_glass, glass_columns_b, glass_columns_b,
          minmay_tromino_v4_c, uniq_robin, uniq_natasha

Action                     || total
---------------------------++-------
  Melee: Hand axe          ||    25
         Headbutt          ||     5
 Invoke: Berserk           ||     1
    Use: Potion            ||     2
 Armour: Animal skin       ||     9
  Dodge: Dodged            ||    15

Table legend: (Time is in decaauts)
 A = Elapsed time spent in this place.
 B = Non-inter-level travel time spent in this place.
 C = Inter-level travel time spent in this place.
 D = Time resting spent in this place.
 E = Time spent auto-exploring this place.
 F = Levels seen in this place.
 G = Mean time per level.
                   A        B        C        D        E       F      G
               +--------+--------+--------+--------+--------+-----+--------+
         Total |    720 |    715 |      5 |      0 |    629 |   2 |  360.0 |
       Dungeon |    720 |    715 |      5 |      0 |    629 |   2 |  360.0 |
               +--------+--------+--------+--------+--------+-----+--------+

Top non-repeatable levels by time:
     D:1: 648 daAuts
     D:2: 72 daAuts
